 Dungeon Crawl Stone Soup version 0.31-a0-1074-g0b22e4e0f1 (webtiles) character file.

Game seed: 16481063274854982002

4778 grandjackal the Jinx (level 10, 0/50 HPs)
             Began as a Deep Elf Conjurer on Dec 7, 2023.
             Was a Priest of Sif Muna.
             Shot with a sling bullet by Joseph (10 damage)
             ... on level 8 of the Dungeon.
             The game lasted 00:13:21 (9222 turns).

grandjackal the Jinx (Deep Elf Conjurer)            Turns: 9222, Time: 00:13:22

Health: 0/50       AC:  3    Str:  4    XL:     10   Next: 23%
Magic:  11/26      EV: 12    Int: 34    God:    Sif Muna [***...]
Gold:   434        SH:  0    Dex: 13    Spells: 19/30 levels left

rFire   . . .        s - staff of conjuration
rCold   + . .        d - orb {light}
rNeg    . . .        a - +0 robe
rPois   .            w - +0 helmet
rElec   .            (no cloak)
rCorr   .            (no gloves)
SInv    .            (no boots)
Will    +....        (no amulet)
Stlth   +            i - ring of flight
HPRegen 0.28/turn    x - ring of the Mantidfly {rC+ Int+6}
MPRegen 0.20/turn

%: no passive effects
@: flying, glowing, studying Hexes
A: no striking features
a: Renounce Religion, Channel Magic, Forget Spell


You were on level 8 of the Dungeon.
You worshipped Sif Muna.
Sif Muna was most pleased with you.
You visited 2 branches of the dungeon, and saw 9 of its levels.

You collected 434 gold pieces.

Inventory:

Hand Weapons
 g - a +0 whip of electrocution
Armour
 a - a +0 robe (worn)
 d - an orb of light (worn)
 w - a +0 helmet (worn)
Magical Staves
 s - a staff of conjuration (weapon)
 v - a staff of death
Jewellery
 e - a ring of fire
 i - a ring of flight (left hand)
 x - the ring of the Mantidfly (right hand) {rC+ Int+6}
   (You found it on level 7 of the Dungeon)

   [ring of protection from cold]

   Int+6:     It affects your intelligence (+6).
   rC+:       It protects you from cold.
 y - a ring of protection from cold
Wands
 z - a wand of charming (6)
Scrolls
 f - 2 scrolls of fog {unknown}
 h - a scroll of silence
 k - 2 scrolls of immolation {unknown}
 l - a scroll of enchant weapon {unknown}
 m - a scroll of amnesia
 n - 2 scrolls of vulnerability {unknown}
 o - a scroll of revelation
 p - 3 scrolls of fear {unknown}
 q - a scroll of summoning
 r - a scroll of teleportation
 u - a scroll of enchant armour
Potions
 b - 2 potions of magic
 c - 4 potions of curing
 j - 2 potions of heal wounds
 t - 3 potions of mutation


   Skills:
 - Level 2.4 Dodging
 - Level 2.4 Stealth
 + Level 10.6 Spellcasting
 + Level 9.7 Conjurations
 + Level 12.1 Hexes
 + Level 7.8 Translocations


You had 19 spell levels left.
You knew the following spells:

 Your Spells              Type           Power      Damage    Failure   Level
a - Magic Dart            Conj           100%       1d8       1%          1
b - Searing Ray           Conj           100%       2d8       1%          2
c - Fulminant Prism       Conj/Hex       47%        3d21      1%          4
d - Iskenderun's Mystic   Conj/Tloc      86%        2d17      1%          4

Your spell library contained the following spells:

 Spells                   Type           Power      Damage    Failure   Level
 Lesser Beckoning         Tloc           100%       N/A       1%          2
 Dazzling Flash           Conj/Hex       100%       N/A       1%          3
 Gell's Gravitas          Tloc           64%        N/A       1%          3
 Teleport Other           Tloc           64%        N/A       1%          3
 Leda's Liquefaction      Hex/Erth       28%        N/A       1%          4
 Bombard                  Conj/Erth      33%        9d6       45%         6
 Lee's Rapid Deconstruct  Erth           9%         3d7*      56%         5


Dungeon Overview and Level Annotations

Branches:
Dungeon (8/15)             Temple (1/1) D:5
   Lair: D:8-11

Altars:
Ashenzari
Cheibriados
Elyvilon
Fedhas
Gozag
Hepliaklqana
Kikubaaqudgha
Makhleb
Okawaru
Qazlal
Ru
Sif Muna
Trog
Uskayaw
Vehumet
Wu Jian
Xom
Yredelemnul
Zin
The Shining One

Shops:
D:3 (   D:4 (

Annotations:
D:7 2 transporters, horus123's ghost, novice DEAE
D:8 Joseph


Message History

Aiming: Searing Ray (safe; 1% risk of failure)
Press: ? - help, Shift-Dir - straight line, f - Joseph
Aim: Joseph, wielding a +0 quarterstaff of draining and wearing a +2 leather armour of fire resistance (moderately wounded, ally target, 83% to hit)
You feel a surge of power!
The searing ray hits Joseph!
Joseph is heavily wounded. (Press . to maintain the ray.)
Your fulminant prism crackles loudly.
Unknown command.
The searing ray hits Joseph.
Joseph is heavily wounded.
Joseph unwields a +0 quarterstaff of draining.
Joseph wields a +0 sling.
Joseph shoots a sling bullet.
The sling bullet hits you!
Your fulminant prism explodes!
The blast of energy engulfs Joseph!
Joseph is severely wounded.
Unknown command.
Casting: Searing Ray (safe; 1% risk of failure)
Confirm with . or Enter, or press ? or * to list all spells.
Restarting spell: Searing Ray (safe; 1% risk of failure)
Press: ? - help, Shift-Dir - straight line, f/p - Joseph
Aim: Joseph, wielding a +0 sling and wearing a +2 leather armour of fire resistance (severely wounded, haloed, 87% to hit)
You feel a surge of power!
The searing ray hits Joseph.
Joseph is severely wounded. (Press . to maintain the ray.) Joseph shoots a sling bullet.
The sling bullet barely misses you.
The searing ray hits Joseph.
Joseph is almost dead.
Joseph shoots a sling bullet.
The sling bullet hits you!
Unknown command.
The searing ray hits Joseph.
Joseph is almost dead.
Joseph shoots a sling bullet.
The sling bullet hits you!
* * * LOW HITPOINT WARNING * * *
Unknown command.
The searing ray hits Joseph.
Joseph is almost dead.
You finish channelling your searing ray.
Joseph shoots a sling bullet.
The sling bullet hits you!
You die...

#.#)....###
#.#.......#
#.##......#
#.##......#
#.##......#
###.##......#
#...........#
#######'#########
#.@..@<...#
###########


You could see Joseph.

Vanquished Creatures
  A two-headed ogre (D:8)
  Pikel (D:6)
  2 wyverns (D:8)
  Eustachio (D:5)
  A steam dragon (D:7)
  A water moccasin (D:6)
  3 ice beasts
  A sky beast (D:7)
  A black bear (D:8)
  2 ogres
  4 lemures (D:6)
  A kobold brigand (D:7)
  3 bullfrogs
  4 scorpions
  5 wights (D:8)
  11 killer bees
  A howler monkey (D:7)
  12 hounds
  6 orc priests
  A gnoll bouda (D:8)
  2 iguanas
  A sleepcap (D:7)
  7 orc wizards
  8 gnolls
  7 river rats (D:5)
  6 adders
  A shadow imp (D:5)
  A white imp (D:6)
  6 ufetubi
  A worm (D:4)
  5 dart slugs
  19 orcs
  5 ball pythons
  8 bats
  6 endoplasms
  2 giant cockroaches (D:1)
  8 goblins
  7 hobgoblins
  12 jackals
  7 quokkas
  6 frilled lizards
  10 kobolds
  19 rats
216 creatures vanquished.

Vanquished Creatures (others)
  An adder (D:4)
  15 fulminant prisms
16 creatures vanquished.

Grand Total: 232 creatures vanquished

Notes
Turn   | Place    | Note
-------+----------+-------------------------------------------
     0 | D:1      | grandjackal the Deep Elf Conjurer began the quest for the
                  | Orb.
     0 | D:1      | Reached XP level 1. HP: 10/10 MP: 6/6
    94 | D:1      | Reached XP level 2. HP: 15/15 MP: 2/8
   185 | D:1      | Learned a level 2 spell: Searing Ray
   513 | D:1      | Reached XP level 3. HP: 19/19 MP: 7/10
   548 | D:1      | Reached skill level 5 in Conjurations
  1099 | D:2      | Found the necklace of Bloodlust {Fury *Rage Will++ Int-3
                  | Slay+6}
  1254 | D:2      | Reached XP level 4. HP: 24/24 MP: 7/12
  1328 | D:2      | Learned a level 4 spell: Fulminant Prism
  1333 | D:2      | Learned a level 4 spell: Iskenderun's Mystic Blast
  1371 | D:2      | Noticed an eye of devastation
  1392 | D:2      | Noticed an eye of devastation
  1394 | D:2      | Found a faded altar of an unknown god.
  1396 | D:2      | Noticed an eye of devastation
  1396 | D:2      | Noticed a great orb of eyes
  1849 | D:2      | Reached skill level 1 in Hexes
  2095 | D:3      | Found Cidyvveff's Weapon Boutique.
  2179 | D:3      | Reached skill level 1 in Translocations
  2323 | D:3      | Found an ornate altar of the Wu Jian Council.
  2470 | D:3      | Reached skill level 5 in Spellcasting
  2758 | D:3      | Reached XP level 5. HP: 26/28 MP: 9/14
  2973 | D:4      | Reached skill level 2 in Hexes
  3263 | D:4      | Noticed an ogre
  3268 | D:4      | Killed an ogre
  3269 | D:4      | Reached XP level 6. HP: 32/32 MP: 7/16
  3522 | D:4      | Reached skill level 3 in Hexes
  3661 | D:4      | Found Puip's Weapon Emporium.
  3977 | D:5      | Entered Level 5 of the Dungeon
  4210 | D:5      | Reached XP level 7. HP: 33/36 MP: 12/18
  4272 | D:5      | Found a staircase to the Ecumenical Temple.
  4357 | Temple   | Entered the Ecumenical Temple
  4387 | Temple   | Became a worshipper of Sif Muna the Loreminder
  4521 | D:5      | Reached skill level 4 in Hexes
  4755 | D:5      | Reached * piety under Sif Muna
  4787 | D:6      | Reached skill level 5 in Hexes
  4952 | D:5      | Reached XP level 8. HP: 34/41 MP: 12/20
  5674 | D:5      | Noticed Eustachio
  5681 | D:5      | Killed Eustachio
  5682 | D:5      | Reached skill level 6 in Hexes
  6116 | D:6      | Reached skill level 5 in Translocations
  6154 | D:6      | Reached skill level 7 in Hexes
  6278 | D:6      | Noticed Pikel
  6293 | D:6      | Killed Pikel
  6294 | D:6      | Reached skill level 8 in Hexes
  6294 | D:6      | Reached XP level 9. HP: 18/45 MP: 0/23
  6595 | D:6      | Reached ** piety under Sif Muna
  6608 | D:6      | Reached skill level 9 in Hexes
  7023 | D:6      | Found a blossoming altar of Fedhas.
  7776 | D:7      | Noticed horus123's ghost (novice DEAE)
  7874 | D:7      | Found a transporter.
  7878 | D:7      | Found a transporter.
  7971 | D:7      | Reached skill level 10 in Hexes
  7992 | D:7      | Identified the ring of the Mantidfly {rC+ Int+6}
  8542 | D:8      | Reached skill level 10 in Spellcasting
  8654 | D:8      | Reached skill level 11 in Hexes
  8824 | D:8      | Reached *** piety under Sif Muna
  8939 | D:8      | Reached XP level 10. HP: 31/50 MP: 21/26
  8943 | D:8      | Noticed a two-headed ogre
  9176 | D:8      | Killed a two-headed ogre
  9177 | D:8      | Reached skill level 12 in Hexes
  9178 | D:8      | Noticed Joseph
  9222 | D:8      | Shot with a sling bullet by Joseph

Illustrated notes

Levels and vault maps discovered:
D:1:      dpeg_arrival_central, layout_basic
D:2:      layout_basic, hellmonk_ecumenical_altar_watching_god
D:3:      layout_basic, mainiacjoe_overflow_catwalk, serial_shops,
          nicolae_shop_bloodbath_and_beyond
D:4:      layout_gridville, serial_shops, shop
D:5:      lemuel_ratsnest, layout_cave_pods, minmay_temple_entry_tees,
          minmay_manual_macuahuitl, uniq_eustachio
D:6:      layout_basic, mainiacjoe_overflow_surrounded_room,
          lemuel_flame_loot_1, uniq_pikel
D:7:      layout_basic, gammafunk_ghost_hive, minmay_checkerbox
D:8:      wad_arrow_thing, layout_basic, nemelex_xobeh_ov_fountains_minmay,
          nicolae_dithmenos_the_darkroom, chequers_serial_rivers_small_b,
          minmay_misc_feat_iff, uniq_joseph
Temple:   nicolae_temple_bog_church

Skill      XL: |  1  2  3  4  5  6  7  8  9 10 |
---------------+-------------------------------+-----
Spellcasting   | 4 5 6 7 8 10 | 10.6
Conjurations   | 5 6 7 8 9 |  9.7
Hexes          | 1 2 3 5 8 11 12 | 12.1
Translocations | 1 2 3 4 5 7 |  7.8
Dodging        | |  2.4
Stealth        | |  2.4

Action                     |  1- 3 |  4- 6 |  7- 9 | 10-12 || total
---------------------------+-------+-------+-------+-------++-------
  Melee: Whip              |       |    36 |    33 |       ||    69
         Staff             |       |       |     1 |       ||     1
   Cast: Magic Dart        |    54 |    52 |     5 |       ||   111
         Searing Ray       |     3 |    15 |    52 |     6 ||    76
         Fulminant Prism   |       |     4 |     8 |     3 ||    15
         Iskenderun's Myst |       |     2 |    22 |     2 ||    26
    Use: Scroll            |       |     4 |     6 |       ||    10
         Potion            |       |     1 |     1 |       ||     2
 Armour: Robe              |     4 |    39 |    86 |     9 ||   138
  Dodge: Dodged            |     3 |    39 |    89 |     3 ||   134

Table legend: (Time is in decaauts)
 A = Elapsed time spent in this place.
 B = Non-inter-level travel time spent in this place.
 C = Inter-level travel time spent in this place.
 D = Time resting spent in this place.
 E = Time spent auto-exploring this place.
 F = Levels seen in this place.
 G = Mean time per level.
                   A        B        C        D        E       F      G
               +--------+--------+--------+--------+--------+-----+--------+
         Total |   9230 |   8969 |    261 |   2989 |   4868 |   9 | 1025.6 |
       Dungeon |   9178 |   8938 |    240 |   2989 |   4868 |   8 | 1147.2 |
        Temple |     52 |     32 |     20 |      0 |      0 |   1 |   52.0 |
               +--------+--------+--------+--------+--------+-----+--------+

Top non-repeatable levels by time:
     D:5: 1659 daAuts
     D:7: 1567 daAuts
     D:6: 1550 daAuts
     D:4: 1121 daAuts
     D:1: 1098 daAuts
     D:2: 987 daAuts
     D:3: 869 daAuts
     D:8: 323 daAuts
  Temple: 52 daAuts
